 Dungeon Crawl Stone Soup version 0.26-a0-639-g72c4674329 (webtiles) character file.

Game seed: 8584980206115645576

153 DogServant the Digger (level 5, -2/30 HPs)
             Began as a Gargoyle Earth Elementalist on Sept 19, 2020.
             Slain by Sigmund
             ... wielding a +0 scythe
              (7 damage)
             ... on level 3 of the Dungeon.
             The game lasted 00:06:28 (3572 turns).

DogServant the Digger (Gargoyle Earth Elementalist) Turns: 3572, Time: 00:06:28

Health: -2/30      AC:  7    Str: 10 (11) XL:     5   Next: 35%
Magic:  10/10      EV: 12    Int: 17      God:
Gold:   65         SH:  0    Dex:  9 (10) Spells: 9/10 levels left

rFire    . . .     SeeInvis .   g - +0 club
rCold    . . .     Faith    .   (no shield)
rNeg     + . .     Spirit   .   c - +1 robe
rPois    ∞         Reflect  .   (no helmet)
rElec    +         Harm     .   (no cloak)
rCorr    .         Rampage  .   (no gloves)
MR       .....                  (no boots)
Stlth    ++........             (no amulet)
HPRegen  0.10/turn              (no ring)
MPRegen  0.12/turn              (no ring)

@: brilliant, flying
A: negative energy resistance 1, electricity resistance, unbreathing,
petrification resistance, rot immunity, AC +4
a: no special abilities


You were on level 3 of the Dungeon.
You visited 1 branch of the dungeon, and saw 3 of its levels.

You collected 65 gold pieces.

Inventory:

Hand Weapons
 g - a +0 club (weapon)
Armour
 c - a +1 robe (worn)
Jewellery
 b - an uncursed amulet of regeneration
 e - a cursed ring of attention {unknown}
Wands
 d - a wand of paralysis (10)
Scrolls
 a - a scroll of enchant armour
 f - a scroll of identify
 i - a scroll of remove curse
Potions
 h - a potion of curing


   Skills:
 + Level 1.6 Fighting
 - Level 1.7 Dodging
 - Level 2.2 Stealth
 + Level 3.4 Spellcasting
   Level 0.7 Transmutations
 + Level 5.3 Earth Magic


You had 9 spell levels left.
You knew the following spells:

 Your Spells              Type           Power        Failure   Level
a - Sandblast             Erth           ####..       1%          1

Your spell library contained the following spells:

 Spells                   Type           Power        Failure   Level
 Passwall                 Tmut/Erth      ###.....     7%          2
 Stone Arrow              Conj/Erth      ###...       17%         3
 Petrify                  Tmut/Erth      ###.....     43%         4
 Lee's Rapid Deconstruct  Erth           ####......   45%         5


Dungeon Overview and Level Annotations

Branches:
Dungeon (3/15)

Altars:

Annotations:
D:3 Sigmund


Innate Abilities, Weirdness & Mutations

You are resistant to torment.
Your stone body is resilient. (AC +4)
You are immune to poison.
You resist negative energy. (rN+)
You are resistant to electric shocks. (rElec)
You can survive without breathing.
You are immune to petrification.
You are immune to rotting.


Message History

Sigmund hits you with a +0 scythe!
* * * LOW HITPOINT WARNING * * *
You hit Sigmund.
Sigmund is moderately wounded.
Sigmund hits you but does no damage.
You hit Sigmund but do no damage.
Sigmund is moderately wounded.
Sigmund misses you.
You hit Sigmund.
Sigmund is moderately wounded.
Sigmund barely misses you.
You closely miss Sigmund.
Sigmund is moderately wounded.
Sigmund barely misses you.
You closely miss Sigmund.
Sigmund is moderately wounded.
You closely miss Sigmund.
Sigmund is moderately wounded.
Sigmund hits you with a +0 scythe!
You die...

##########
#........#
#........#
#........###
#..........
#.......†#########
#........'.......
#........# #..#
####+#@######))#
#@..).....#
#######.?<# #.#.#
#...# #####


You could see Sigmund.

Vanquished Creatures
  A howler monkey (D:2)
  Terence (D:2)
  3 adders (D:2)
  An ooze (D:2)
  3 worms (D:2)
  3 dart slugs
  2 leopard geckos (D:2)
  3 orcs (D:3)
  5 goblins
  A hobgoblin (D:2)
  4 jackals (D:1)
  2 bats (D:2)
  4 frilled lizards
  8 kobolds
  2 rats (D:1)
43 creatures vanquished.

Vanquished Creatures (others)
  A bat (D:3)
1 creature vanquished.

Grand Total: 44 creatures vanquished

Notes
Turn   | Place    | Note
-------+----------+-------------------------------------------
     0 | D:1      | DogServant the Gargoyle Earth Elementalist began the quest
                  | for the Orb.
     0 | D:1      | Reached XP level 1. HP: 10/10 MP: 3/3
   217 | D:1      | Reached XP level 2. HP: 3/15 MP: 3/5
   461 | D:1      | Reached skill level 4 in Earth Magic
  1265 | D:2      | Reached XP level 3. HP: 19/19 MP: 4/6
  1367 | D:2      | Noticed Terence
  1439 | D:2      | Killed Terence
  1439 | D:2      | Reached XP level 4. HP: 10/24 MP: 0/8
  1819 | D:2      | Reached skill level 1 in Fighting
  1819 | D:2      | Reached skill level 5 in Earth Magic
  2200 | D:2      | Reached XP level 5. HP: 20/29 MP: 9/9
  3534 | D:3      | Noticed Sigmund
  3572 | D:3      | Slain by Sigmund

Illustrated notes

Levels and vault maps discovered:
D:1:      minmay_arrival_four_houses, layout_loops_corners
D:2:      layout_rooms, serial_co_window_serial, co_window_paths_b,
          co_window_paths_a, co_window_paths_a, co_window_of_opportunity_a,
          co_window_of_opportunity_a, co_window_paths_c, co_window_2corner,
          co_window_of_opportunity_b, co_window_corner_ca,
          co_window_of_opportunity_b, co_window_of_opportunity_b,
          co_window_corner_b, co_window_sun, co_window_4corner_b,
          glass_columns_a, uniq_terence
D:3:      layout_basic, zin_statuary, ebering_ghost_rock_garden,
          okawaru_metal_pillars_1_2, uniq_sigmund, uniq_robin, uniq_grinder

Skill      XL: |  1  2  3  4 |
---------------+-------------+-----
Earth Magic    | 4 5 |  5.3
Spellcasting   | 3 |  3.4
Fighting       | 1 |  1.6
Dodging        | |  1.7
Stealth        | |  2.2
Transmutations | |  0.7

Action                   |  1- 3 |  4- 6 || total
-------------------------+-------+-------++-------
Melee: Unarmed           |    22 |    27 ||    49
       Club              |       |    47 ||    47
 Cast: Sandblast         |    35 |    34 ||    69
  Use: Potion            |     2 |     5 ||     7
       Scroll            |       |     4 ||     4
Armor: Robe              |    13 |    41 ||    54
       Skin              |     2 |     2 ||     4
Dodge: Dodged            |    27 |    61 ||    88

Table legend: (Time is in decaauts)
 A = Elapsed time spent in this place.
 B = Non-inter-level travel time spent in this place.
 C = Inter-level travel time spent in this place.
 D = Time resting spent in this place.
 E = Time spent auto-exploring this place.
 F = Levels seen in this place.
 G = Mean time per level.
                   A        B        C        D        E       F      G
               +--------+--------+--------+--------+--------+-----+--------+
         Total |   3584 |   3468 |    116 |    866 |   2157 |   3 | 1194.7 |
       Dungeon |   3584 |   3468 |    116 |    866 |   2157 |   3 | 1194.7 |
               +--------+--------+--------+--------+--------+-----+--------+

Top non-repeatable levels by time:
     D:2: 2219 daAuts
     D:1: 1258 daAuts
     D:3: 107 daAuts
